 Dungeon Crawl Stone Soup version 0.21.1-1-g345015f (webtiles) character file.

20802 t7DKbSm the Bludgeoner (level 12, 0/110 HPs)
             Began as a Minotaur Berserker on Apr 29, 2018.
             Was a High Priest of Trog.
             Slain by a blink frog (14 damage)
             ... on level 3 of the Lair of Beasts on Apr 30, 2018.
             The game lasted 01:29:26 (10400 turns).

t7DKbSm the Bludgeoner (Minotaur Berserker)        Turns: 10400, Time: 01:29:26

Health: 0/110      AC: 14    Str: 25    XL:     12   Next: 48%
Magic:  3/3        EV: 16    Int:  4    God:    Trog [*****.]
Gold:   347        SH:  0    Dex: 12    Spells: 11/11 levels left

rFire    . . .     SeeInvis .   r - +2 battleaxe (antimagic)
rCold    . . .     Gourm    .   (shield currently unavailable)
rNeg     . . .     Faith    .   l - +0 chain mail
rPois    .         Spirit   .   (helmet restricted)
rElec    .         Reflect  .   D - +0 cloak
rCorr    .         Harm     +   (no gloves)
MR       ++...                  (no boots)
Stlth    ..........             I - amulet of harm
HPRegen  1.28/turn              L - +4 ring of evasion
MPRegen  0.08/turn              (no ring)

@: regenerating
A: retaliatory headbutt, horns 2
a: Berserk, Trog's Hand, Brothers in Arms, Burn Spellbooks, Renounce Religion


You were on level 3 of the Lair of Beasts.
You worshipped Trog.
Trog was extremely pleased with you.
You were not hungry.

You visited 4 branches of the dungeon, and saw 15 of its levels.

You collected 815 gold pieces.
You spent 468 gold pieces at shops.

Inventory:

Hand Weapons
 m - a +3 antimagic dagger
 r - a +2 antimagic battleaxe (weapon)
 t - a +1 antimagic short sword
 x - a +0 dagger of venom
 B - a +1 mace of holy wrath
 C - a +3 quarterstaff of chaos
 K - a +2 flail of protection
 N - a +0 morningstar
 O - a +0 quarterstaff
 S - a +3 mace of protection
 W - a +0 shortbow
Missiles
 e - 16 poisoned needles
 h - 6 curare-tipped needles
 G - 146 arrows
 T - 3 exploding tomahawks (quivered)
Armour
 b - a +0 animal skin
 l - a +0 chain mail (worn)
 s - a +0 ring mail
 D - a +0 cloak (worn)
 M - a +0 plate armour
Jewellery
 I - an amulet of harm (around neck)
 L - a +4 ring of evasion (left hand)
 R - an uncursed amulet of magic regeneration
Wands
 A - a wand of acid (17)
 J - a wand of scattershot (5)
 P - a wand of flame (25)
 V - a wand of paralysis (32)
 Y - a wand of iceblast (7)
Scrolls
 d - 5 scrolls of identify
 f - 3 scrolls of enchant armour {unknown}
 i - 5 scrolls of noise
 j - 3 scrolls of immolation {unknown}
 k - 5 scrolls of teleportation
 o - 4 scrolls of amnesia
 q - 3 scrolls of magic mapping {unknown}
 u - a scroll of silence {unknown}
 v - a scroll of enchant weapon {unknown}
 y - a scroll of random uselessness {unknown}
 H - 7 scrolls of remove curse
 Q - a scroll of vulnerability {unknown}
 U - a scroll of brand weapon {unknown}
Potions
 a - a potion of brilliance {unknown}
 g - a potion of mutation {unknown}
 n - 2 potions of haste
 p - 4 potions of curing
 w - a potion of berserk rage {unknown}
 z - 2 potions of invisibility {unknown}
 E - 4 potions of degeneration
 F - 2 potions of magic {unknown}
 X - a potion of might
 Z - a potion of ambrosia {unknown}
Comestibles
 c - 11 rations


   Skills:
 + Level 11.2 Fighting
 + Level 4.9(11.2) Axes
 + Level 15.1(15.6) Maces & Flails
 + Level 5.5(11.4) Staves
 + Level 1.5 Throwing
 + Level 12.3 Armour
 + Level 6.6 Dodging
 + Level 2.8 Stealth


You had 11 spell levels left.
You didn't know any spells.

Dungeon Overview and Level Annotations

Branches:
Dungeon (10/15)            Temple (1/1) D:6            Lair (3/6) D:10
  Swamp (1/4) Lair:2
  Snake: Lair:2-4    Spider: Lair:2-4       Orc: D:9-12

Altars:
Ashenzari
Cheibriados
Dithmenos
Elyvilon
Fedhas
Gozag
Hepliaklqana
Kikubaaqudgha
Makhleb
Nemelex Xobeh
Okawaru
Qazlal
Ru
Sif Muna
Trog
Uskayaw
Vehumet
Wu Jian
Xom
Yredelemnul
Zin
The Shining One

Shops:
D:7 !=[[   D:9 *

Annotations:
Swamp:1 Nikola


Innate Abilities, Weirdness & Mutations

You reflexively headbutt those who attack you in melee.
You have a pair of horns on your head.


Message History

The blink frog completely misses you.
You slash the blink frog!
The blink frog's magic leaks into the air.
The blink frog is heavily wounded.
The blink frog hits you.
The blink frog blinks!
You barely miss the blink frog.
The blink frog is heavily wounded.
The blink frog hits you! The blink frog barely misses you.
You barely miss the blink frog.
The blink frog is heavily wounded.
The blink frog closely misses you. The blink frog hits you!
* * * LOW HITPOINT WARNING * * *
You miss the blink frog. You headbutt the blink frog.
The blink frog is heavily wounded.
The blink frog hits you!
* * * LOW HITPOINT WARNING * * *
Your skin crawls.
You feel resistant to hostile enchantments.
You feel somewhat more hungry. The blink frog hits you!
You die...

# # ... #.. ..... .##.
./##.##P.... ..# ....)......
P.## ##PP...#...##. ##..#
####P.......#.#..
#...###..P........#..#
#####[###...............#
###.##...P..#.†#.........##
#..†††........##@......#..#
...##†#<###....F.#.......##..
#..####.###.###..##..........
#.#####..##.. #####.......(.F
....##..###..# ##.........#
....#.#...#.## #...#.#.####
........###.# ##....###
.....P.## ..# #...P.#
....#### ####....##


You could see a blink frog.

Vanquished Creatures
  4 two-headed ogres
  3 death yaks (D:10)
  Urug (Lair:2)
  An ugly thing (D:10)
  Psyche (D:8)
  Joseph (D:8)
  4 spiny frogs
  A rime drake (Lair:2)
  2 komodo dragons
  A queen bee (D:9)
  8 blink frogs
  Prince Ribbit (D:8)
  3 hippogriffs
  A wyvern (D:9)
  Sigmund (D:3)
  18 yaks
  Grum (Lair:1)
  Edmund (D:6)
  6 porcupines
  3 water moccasins
  2 orc warriors
  2 black bears
  3 ice beasts
  4 sky beasts
  2 phantoms
  5 ogres
  9 wolves
  4 centaurs
  4 crocodiles
  2 big kobolds
  The ghost of TinyReaver the Sneak, an amateur SpEn (D:3)
  10 bullfrogs
  2 scorpions (D:6)
  A wyvern skeleton (D:5)
  20 killer bees
  5 jellies
  2 crimson imps
  3 bullfrog zombies
  Crazy Yiuf (D:3)
  5 orc priests
  A bullfrog skeleton (D:3)
  A hound (D:6)
  9 orc wizards
  Jessica (D:3)
  3 iguanas
  8 worker ants
  A hell rat (D:10)
  A hound skeleton (D:3)
  A howler monkey zombie (D:7)
  4 gnolls (D:5)
  A river rat (D:10)
  9 adders
  3 shadow imps
  3 oozes
  An adder skeleton (D:8)
  5 worms
  A dart slug (D:1)
  3 leopard geckos
  41 orcs
  4 giant cockroaches
  4 goblins
  12 hobgoblins
  4 jackals
  6 quokkas
  3 ball pythons
  20 bats
  7 frilled lizards
  17 kobolds
  2 quokka skeletons (D:9)
  4 rats
  2 fungi (Lair:1)
331 creatures vanquished.

Vanquished Creatures (collateral kills)
  Nergalle (Lair:1)
1 creature vanquished.

Grand Total: 332 creatures vanquished

Notes
Turn   | Place    | Note
-------+----------+-------------------------------------------
     0 | D:1      | t7DKbSm the Minotaur Berserker began the quest for the Orb.
     0 | D:1      | Reached XP level 1. HP: 19/19 MP: 0/0
   117 | D:1      | Reached XP level 2. HP: 19/27 MP: 1/1
   122 | D:1      | Reached skill level 4 in Maces & Flails
   552 | D:1      | Reached XP level 3. HP: 20/33 MP: 2/2
   718 | D:1      | Found a shimmering altar of Xom.
   968 | D:1      | Reached ** piety under Trog
  1323 | D:2      | Reached XP level 4. HP: 40/41 MP: 3/3
  1378 | D:2      | Found a snail-covered altar of Cheibriados.
  1379 | D:2      | Found an opulent altar of Gozag.
  1754 | D:3      | Reached skill level 5 in Maces & Flails
  1891 | D:3      | Noticed Jessica
  1895 | D:3      | Killed Jessica
  1968 | D:3      | Reached XP level 5. HP: 40/47 MP: 4/4
  2051 | D:3      | Noticed Sigmund
  2134 | D:3      | Killed Sigmund
  2134 | D:3      | Reached skill level 5 in Fighting
  2134 | D:3      | Reached skill level 6 in Maces & Flails
  2134 | D:3      | Reached skill level 1 in Stealth
  2134 | D:3      | Reached XP level 6. HP: 25/56 MP: 5/5
  2194 | D:3      | Noticed TinyReaver's ghost (amateur SpEn)
  2203 | D:3      | Killed TinyReaver's ghost
  2292 | D:3      | Reached *** piety under Trog
  2348 | D:3      | Found a runed door.
  2352 | D:3      | Noticed Crazy Yiuf
  2355 | D:3      | Killed Crazy Yiuf
  2355 | D:3      | Reached skill level 7 in Maces & Flails
  2567 | D:4      | Reached XP level 7. HP: 58/61 MP: 6/6
  2616 | D:4      | Found a sparkling altar of Nemelex Xobeh.
  2825 | D:4      | Reached skill level 1 in Throwing
  3165 | D:5      | Entered Level 5 of the Dungeon
  3228 | D:5      | Found a glowing silver altar of Zin.
  3280 | D:5      | Reached skill level 8 in Maces & Flails
  3469 | D:5      | Reached XP level 8. HP: 70/70 MP: 7/7
  4191 | D:6      | Reached skill level 9 in Maces & Flails
  4253 | D:6      | Noticed Edmund
  4282 | D:6      | Killed Edmund
  4282 | D:6      | Reached skill level 5 in Armour
  4558 | D:6      | Found a staircase to the Ecumenical Temple.
  4574 | Temple   | Entered the Ecumenical Temple
  4776 | D:6      | Reached **** piety under Trog
  5380 | D:7      | Reached skill level 10 in Maces & Flails
  5380 | D:7      | Reached XP level 9. HP: 75/79 MP: 8/8
  5496 | D:7      | Reached skill level 5 in Dodging
  5523 | D:7      | Found Nuekhlo's Jewellery Shop.
  5528 | D:7      | Bought a +4 ring of evasion for 468 gold pieces
  5600 | D:7      | Found Mutism's Armour Shop.
  5603 | D:7      | Reached skill level 11 in Maces & Flails
  5702 | D:7      | Found Kunn's Antique Armour Boutique.
  5895 | D:7      | Found Foetiddo's Distillery.
  6214 | D:8      | Found a deep blue altar of Sif Muna.
  6227 | D:8      | Noticed Joseph
  6241 | D:8      | Killed Joseph
  6287 | D:8      | Found a burning altar of Makhleb.
  6287 | D:8      | Found an iron altar of Okawaru.
  6318 | D:8      | Noticed a two-headed ogre
  6328 | D:8      | Killed a two-headed ogre
  6328 | D:8      | Reached skill level 12 in Maces & Flails
  6328 | D:8      | Reached XP level 10. HP: 20/88 MP: 9/9
  6430 | D:8      | Noticed a two-headed ogre
  6450 | D:8      | Noticed Prince Ribbit
  6463 | D:8      | Killed Prince Ribbit
  6537 | D:8      | Killed a two-headed ogre
  6686 | D:8      | Reached skill level 13 in Maces & Flails
  6771 | D:8      | Noticed Psyche
  6776 | D:8      | Killed Psyche
  7048 | D:9      | Reached skill level 10 in Armour
  7157 | D:9      | Reached ***** piety under Trog
  7183 | D:9      | Reached XP level 11. HP: 87/97 MP: 10/10
  7216 | D:9      | Found Zin's Purification Station.
  7223 | D:9      | Found a glowing silver altar of Zin.
  7321 | D:9      | Noticed a two-headed ogre
  7328 | D:9      | Killed a two-headed ogre
  7836 | D:10     | Entered Level 10 of the Dungeon
  7839 | D:10     | Reached skill level 14 in Maces & Flails
  8155 | D:10     | Noticed a death yak
  8155 | D:10     | Noticed a death yak
  8158 | D:10     | Found a staircase to the Lair.
  8158 | D:10     | Noticed a death yak
  8163 | D:10     | Noticed a white ugly thing
  8168 | D:10     | Killed a death yak
  8171 | D:10     | Killed a death yak
  8171 | D:10     | Reached skill level 10 in Fighting
  8176 | D:10     | Killed a death yak
  8187 | D:10     | Killed a white ugly thing
  8211 | D:10     | Noticed a two-headed ogre
  8221 | D:10     | Killed a two-headed ogre
  8256 | Lair:1   | Entered Level 1 of the Lair of Beasts
  8414 | Lair:1   | Noticed Grum
  8419 | Lair:1   | Reached skill level 15 in Maces & Flails
  8441 | Lair:1   | Killed Grum
  8571 | Lair:1   | Noticed Nergalle
  8704 | Lair:1   | Reached skill level 1 in Staves
  8712 | Lair:1   | Reached XP level 12. HP: 107/108 MP: 11/11
  9225 | Lair:1   | Killed Nergalle
  9305 | Lair:2   | Noticed Urug
  9315 | Lair:2   | Killed Urug
  9316 | Lair:2   | Received a gift from Trog
  9408 | Lair:2   | Reached skill level 5 in Staves
  9438 | Lair:2   | Reached skill level 1 in Axes
  9596 | Lair:2   | Found a staircase to the Swamp.
  9618 | Swamp:1  | Entered Level 1 of the Swamp
  9621 | Swamp:1  | Noticed Nikola
  9623 | Swamp:1  | Noticed an alligator
 10400 | Lair:3   | Slain by a blink frog

Skill      XL: |  1  2  3  4  5  6  7  8  9 10 11 12 |
---------------+-------------------------------------+-----
Maces & Flails | 4 5 6 7 8 10 12 13 15 | 15.1
Fighting       | 4 5 7 8 9 10 11 | 11.2
Dodging        | 3 4 5 6 |  6.6
Stealth        | 1 2 |  2.8
Armour         | 3 4 6 8 10 11 12 | 12.3
Throwing       | 1 |  1.5
Staves         | 2 5 |  5.5
Axes           | 4 |  4.9

Action                   |  1- 3 |  4- 6 |  7- 9 | 10-12 || total
-------------------------+-------+-------+-------+-------++-------
Melee: Mace              |    78 |   124 |   157 |       ||   359
       Headbutt          |    13 |    30 |    59 |    99 ||   201
       Flail             |       |       |   107 |   296 ||   403
       Quarterstaff      |       |       |       |    79 ||    79
       Battleaxe         |       |       |       |    66 ||    66
Throw: Throwing net      |       |     1 |       |       ||     1
       Tomahawk          |       |       |       |     3 ||     3
Invok: Berserk           |     1 |     5 |     9 |    11 ||    26
       Trog's Hand       |       |     1 |       |    10 ||    11
       Burn Spellbooks   |       |       |       |     3 ||     3
       Brothers in Arms  |       |       |       |     1 ||     1
  Use: Potion            |     2 |     1 |       |       ||     3
       Scroll            |     1 |     4 |     4 |     4 ||    13
 Stab: Sleeping          |     1 |       |       |       ||     1
       Invisible         |       |       |       |     1 ||     1
       Petrifying        |       |       |       |     1 ||     1
  Eat: Chunk             |     2 |     9 |     3 |     1 ||    15
       Ration            |       |       |     5 |     8 ||    13
Armor: Animal skin       |    11 |     4 |       |       ||    15
       Chain mail        |       |    14 |   143 |   189 ||   346
Dodge: Dodged            |    54 |    36 |   139 |   373 ||   602
